 Dungeon Crawl Stone Soup version 0.31.0-1-g2c135a0 (webtiles) character file.

Game seed: 7884726315492261633

114 jagoly the Trooper (level 4, -4/29 HPs)
             Began as a Gargoyle Monk on Feb 2, 2024.
             Was a Priest of the Shining One.
             Slain by a wight
             ... wielding a +1 war axe
              (11 damage)
             ... in an ossuary.
             The game lasted 00:03:53 (710 turns).

jagoly the Trooper (Gargoyle Monk)                   Turns: 710, Time: 00:03:54

Health: -4/29      AC:  9    Str: 16    XL:     4   Next: 98%
Magic:  4/4        EV: 11    Int: 11    God:    the Shining One [***...]
Gold:   96         SH:  0    Dex: 12    Spells: 3/3 levels left

rFire   . . .        a - +0 hand axe
rCold   . . .        d - orb {light}
rNeg    + + .        h - +0 ring mail
rPois   ∞            (no helmet)
rElec   +            (no cloak)
rCorr   .            (no gloves)
SInv    .            (no boots)
Will    .....        (no amulet) Stlth
                     (no ring)
HPRegen 0.24/turn    (no ring)
MPRegen 0.09/turn

%: no passive effects
@: confused, ambrosia-drunk, glowing
A: sickness immunity, AC +3, negative energy resistance 1, electricity
resistance, torment resistance 1, petrification resistance
a: Renounce Religion, Divine Shield, Cleansing Flame


You were in an ossuary.
You worshipped the Shining One.
The Shining One was most pleased with you.
You visited 2 branches of the dungeon, and saw 5 of its levels.
You also visited: Ossuary.

You collected 96 gold pieces.

Inventory:

Hand Weapons
 a - a +0 hand axe (weapon)
Missiles
 f - 6 stones (quivered)
Armour
 b - a +0 robe
 d - an orb of light (worn)
 h - a +0 ring mail (worn)
Scrolls
 e - a scroll of identify {unknown}
 i - a scroll of revelation {unknown}
 k - a scroll of fog {unknown}
 m - a scroll of fear {unknown}
Potions
 g - 2 potions of degeneration {unknown}
 j - a potion of lignification {unknown}
 l - a potion of heal wounds {unknown}
 n - a potion of enlightenment {unknown}


   Skills:
 + Level 4.0 Fighting
 * Level 3.7 Axes
 + Level 2.0 Armour
 - Level 3.0 Dodging


You had 3 spell levels left.
You didn't know any spells.
Your spell library was empty.

Dungeon Overview and Level Annotations

Branches:
Dungeon (4/15) Zot: 23501  Temple (1/1) D:4 Zot: 5967 Ossuary (1/1) Zot: 5803

Altars:
Ashenzari
Cheibriados
Dithmenos
Elyvilon
Fedhas
Hepliaklqana
Kikubaaqudgha
Nemelex Xobeh
Qazlal
Sif Muna
Trog
Vehumet
Wu Jian
Xom
Yredelemnul
The Shining One

Shops:
D:1 *


Innate Abilities, Weirdness & Mutations

You are immune to sickness and miasma.
Your stone body is resilient. (AC +3)
You are immune to poison.
You resist negative energy. (rN+)
You are resistant to electric shocks. (rElec)
You are resistant to unholy torment.
You are immune to petrification.


Message History

You barely miss the bat.
The bat is moderately wounded.
The bat hits you but does no damage.
You hit the bat but do no damage. You barely miss the bat.
The bat hits you but does no damage. The bat barely misses you.
You hit the bat.
You kill the bat!
The bat hits you.
Found 11 gold pieces.
The bat hits you but does no damage. The bat barely misses you.
The bat barely misses you.
You slash the bat!
You kill the bat!
You now have 31 gold pieces (gained 11).
Found a stone staircase leading down.
There is a stone staircase leading down here.
You climb downwards.
Found 9 gold pieces.
There is a stone staircase leading up here.
A hobgoblin comes into view.
The hobgoblin shouts!
You hear an angry hiss.
You see here 9 gold pieces.
Found a maw talisman.
A kobold comes into view. It is wielding a +0 dagger.
You see here 9 gold pieces.
You now have 40 gold pieces (gained 9).
The kobold shouts!
A ball python and a ribbon worm come into view.
The hobgoblin hits you but does no damage.
You hit the hobgoblin but do no damage. The hobgoblin misses you.
The kobold throws a stone.
The stone hits you but does no damage.
You hit the giant cockroach.
The giant cockroach is moderately wounded.
You hit the hobgoblin. The hobgoblin barely misses you.
The giant cockroach bites you but does no damage.
The hobgoblin hits you but does no damage.
You hit the giant cockroach.
You kill the giant cockroach!
You hit the hobgoblin.
The hobgoblin hits you but does no damage.
You hit the hobgoblin.
You kill the hobgoblin!
You hit the kobold but do no damage. You barely miss the ball python.
The ball python bites you but does no damage.
The ball python grabs you. The ball python constricts you.
The kobold hits you with a +0 dagger.
You hit the ball python.
You kill the ball python!
You hit the kobold. The kobold barely misses you.
You closely miss the kobold.
The kobold is moderately wounded.
The kobold hits you but does no damage.
You hit the kobold.
You kill the kobold!
The ribbon worm expels a string of sticky webbing.
The stream of webbing hits you but does no damage.
You are caught in a web!
You struggle to detach yourself from the web.
You struggle to detach yourself from the web.
The ribbon worm bites you but does no damage.
The web tears apart.
The ribbon worm expels a string of sticky webbing.
The stream of webbing hits you but does no damage.
You are caught in a web!
You struggle to detach yourself from the web.
The ribbon worm bites you but does no damage.
The web tears apart.
You hit the ribbon worm.
The ribbon worm is lightly wounded.
The ribbon worm bites you but does no damage.
You hit the ribbon worm but do no damage.
The ribbon worm bites you.
You hit the ribbon worm.
The ribbon worm is moderately wounded.
The ribbon worm bites you but does no damage.
You slash the ribbon worm!
The ribbon worm is heavily wounded.
The ribbon worm expels a string of sticky webbing.
The stream of webbing misses you.
You hit the ribbon worm.
The ribbon worm is severely wounded.
The ribbon worm barely misses you.
You hit the ribbon worm.
You kill the ribbon worm!
Your Armour skill increases to level 1!
No target in view!
No target in view!
f - 6 stones (gained 5)
Things that are here:
a +0 dagger; a ribbon worm corpse; a kobold corpse
Found a stone staircase leading down.
Found a stone staircase leading down.
A dart slug comes into view.
The dart slug launches a dart at you.
The slug dart hits you but does no damage.
There is a stone staircase leading down here.
The dart slug launches a dart at you. The slug dart misses you.
You hit the dart slug.
The dart slug is heavily wounded.
You hit the dart slug.
The dart slug is almost dead.
The dart slug launches a dart at you. The slug dart hits you.
You hit the dart slug.
You kill the dart slug!
You have reached level 3!
Your experience leads to an increase in your attributes!
Increase (S)trength, (I)ntelligence, or (D)exterity?
You feel stronger. x2
There is a stone staircase leading down here.
You climb downwards.
You hear the hiss of flowing sand.
There is an entrance to an ossuary on this level.
Hurry and find it before the portal is buried!
There is a stone staircase leading up here.
An endoplasm comes into view.
Found 17 gold pieces.
The endoplasm quivers.
You hit the endoplasm.
The endoplasm is severely wounded.
The endoplasm hits you but does no damage.
You hit the endoplasm.
You kill the endoplasm!
No target in view!
Found a scroll labelled LIFRIO DEPP.
Found an amethyst potion.
You now have 57 gold pieces (gained 17).
i - a scroll labelled LIFRIO DEPP
j - an amethyst potion
Found a staircase to the Ecumenical Temple.
There is a fountain of clear blue water here.
There is a staircase to the Ecumenical Temple here.
You climb downwards.
Welcome to the Ecumenical Temple!
Found four altars.
Found a staircase back to the Dungeon.
There is a staircase back to the Dungeon here.
Search for what [? for help]? .
Found a radiant altar of Vehumet.
Found a white marble altar of Elyvilon.
Found a shadowy altar of Dithmenos.
Found a glowing golden altar of the Shining One.
There is a glowing golden altar of the Shining One here.
You kneel at the altar of the Shining One.
The Shining One welcomes you!
You and your allies can now gain power from killing the unholy and evil.
You can now call upon the Shining One for a divine shield.
There is a shimmering altar of Xom here.
There is a staircase back to the Dungeon here.
You climb upwards.
Welcome back to the Dungeon!
You hear the hiss of flowing sand.
There is an entrance to an ossuary on this level.
Hurry and find it before the portal is buried!
You hear the slow hiss of an avalanche of sand nearby.
There is a staircase to the Ecumenical Temple here.
Found 12 gold pieces.
There is a dry fountain here.
You now have 69 gold pieces (gained 12).
Found a spear and 10 gold pieces.
You see here a +0 spear.
You now have enough gold to buy a potion of enlightenment on D:1, or buy a potion of heal wounds on D:1.
You can access your shopping list by pressing '$'.
You now have 79 gold pieces (gained 10).
Found 14 gold pieces.
You open the door.
A mummy comes into view.
Found a sand-covered staircase.
There is an open door here.
You hit the mummy.
The mummy is moderately damaged.
The mummy closely misses you.
You slash the mummy!
The mummy is heavily damaged.
The mummy hits you but does no damage.
You slash the mummy!
The mummy is almost destroyed.
You hit the mummy but do no damage.
The mummy is almost destroyed.
The mummy hits you.
You hit the mummy but do no damage.
The mummy is almost destroyed.
The mummy closely misses you.
You slash the mummy!
You destroy the mummy!
The Shining One accepts your kill.
You feel better.
No target in view!
There is a sand-covered staircase here.
The world spins around you as you enter the gateway.
You enter an ossuary!
Found a gate leading back out of this place.
There is an empty arch of ancient stone here.
You open the gate.
A gnoll skeleton, a kobold skeleton and 3 orc skeletons come into view.
The orc skeleton barely misses you.
The orc skeleton hits you but does no damage. x2
You hit the orc skeleton.
The orc skeleton is almost destroyed.
You hit the orc skeleton.
The orc skeleton hits you but does no damage.
The orc skeleton misses you.
You hit the orc skeleton.
You destroy the orc skeleton!
The Shining One accepts your kill.
You hit the orc skeleton. You hit the kobold skeleton.
The kobold skeleton closely misses you. The orc skeleton barely misses you.
You hit the kobold skeleton.
You destroy the kobold skeleton!
The Shining One accepts your kill.
You hit the gnoll skeleton. You completely miss the orc skeleton.
The gnoll skeleton closely misses you.
You slash the gnoll skeleton!
The gnoll skeleton is almost destroyed.
You hit the orc skeleton. The orc skeleton closely misses you.
The gnoll skeleton hits you but does no damage.
You completely miss the gnoll skeleton.
The gnoll skeleton is almost destroyed.
You hit the orc skeleton.
You destroy the orc skeleton!
The Shining One accepts your kill.
You hit the orc skeleton but do no damage.
The gnoll skeleton barely misses you. The orc skeleton closely misses you.
You hit the gnoll skeleton.
You destroy the gnoll skeleton!
The Shining One accepts your kill.
You hit the orc skeleton. The orc skeleton misses you.
You slash the orc skeleton!
You destroy the orc skeleton!
The Shining One accepts your kill.
A kobold skeleton, an orc skeleton and a gnoll skeleton come into view.
There is an open gate here.
A mummy comes into view.
You hit the kobold skeleton.
The kobold skeleton is lightly damaged.
You hit the gnoll skeleton but do no damage.
The gnoll skeleton misses you. The kobold skeleton closely misses you.
You hit the kobold skeleton.
The kobold skeleton is almost destroyed.
You hit the gnoll skeleton. You hit the orc skeleton.
The gnoll skeleton barely misses you. The kobold skeleton barely misses you.
The orc skeleton barely misses you.
You hit the kobold skeleton.
You destroy the kobold skeleton!
The Shining One accepts your kill.
You hit the gnoll skeleton. You hit the orc skeleton.
You destroy the orc skeleton!
The Shining One accepts your kill.
The gnoll skeleton hits you but does no damage.
You hit the gnoll skeleton.
You destroy the gnoll skeleton!
The Shining One accepts your kill.
You hit the mummy but do no damage. The mummy barely misses you.
You hit the mummy.
The mummy is lightly damaged.
You hit the mummy.
The mummy is moderately damaged.
The mummy hits you!
Ouch! That really hurt!
* * * LOW HITPOINT WARNING * * *
You are too injured to fight recklessly!
You are too injured to fight recklessly!
You hit the mummy.
The mummy is heavily damaged.
The mummy hits you.
* * * LOW HITPOINT WARNING * * *
You hit the mummy but do no damage.
The mummy is heavily damaged.
You hit the mummy.
The mummy is severely damaged.
The mummy barely misses you.
You hit the mummy.
You destroy the mummy!
The Shining One accepts your kill.
You feel better.
You open the door.
Found 6 gold pieces.
Found a scroll labelled KAGHUKA TIATZ and a coppery potion.
There is an open door here.
k - a scroll labelled KAGHUKA TIATZ
l - a coppery potion You now have 85 gold pieces (gained 6).
There is an open door here.
You open the door.
Found three items.
There is an open door here.
m - a scroll labelled REGOETW WA TEJE You now have 96 gold pieces (gained 11).
n - a fizzy brown potion
There is an open door here.
As you open the gate, it creaks loudly!
There is an open gate here.
Found a gate leading back out of this place.
You can now channel blasts of cleansing flame.
A kobold skeleton and 2 gnoll skeletons come into view.
You hit the kobold skeleton.
The kobold skeleton is heavily damaged.
The kobold skeleton closely misses you.
You completely miss the kobold skeleton.
The kobold skeleton is heavily damaged.
You hit the gnoll skeleton. The gnoll skeleton misses you.
The kobold skeleton hits you but does no damage.
You hit the kobold skeleton.
You destroy the kobold skeleton!
The Shining One accepts your kill.
You hit the gnoll skeleton.
The gnoll skeleton hits you but does no damage.
You hit the gnoll skeleton but do no damage.
The gnoll skeleton is lightly damaged.
You hit the gnoll skeleton. The gnoll skeleton barely misses you.
The gnoll skeleton hits you but does no damage.
You completely miss the gnoll skeleton.
The gnoll skeleton is lightly damaged.
You hit the gnoll skeleton.
The gnoll skeleton hits you but does no damage.
The gnoll skeleton hits you.
You hit the gnoll skeleton.
The gnoll skeleton is heavily damaged.
You hit the gnoll skeleton.
The gnoll skeleton hits you but does no damage.
The gnoll skeleton barely misses you.
You completely miss the gnoll skeleton.
The gnoll skeleton is heavily damaged.
You hit the gnoll skeleton.
The gnoll skeleton hits you but does no damage.
The gnoll skeleton barely misses you.
You hit the gnoll skeleton.
The gnoll skeleton is severely damaged.
You hit the gnoll skeleton. You hit the gnoll skeleton.
You destroy the gnoll skeleton!
The Shining One accepts your kill.
You feel better.
You hit the gnoll skeleton.
You destroy the gnoll skeleton!
The Shining One accepts your kill.
You have reached level 4!
You feel clever.
Found a gate leading back out of this place.
A gnoll skeleton and 2 orc skeletons come into view.
There are monsters nearby!
You hit the gnoll skeleton.
The gnoll skeleton is moderately damaged.
The gnoll skeleton closely misses you.
You hit the gnoll skeleton.
The gnoll skeleton is moderately damaged.
You hit the orc skeleton. The orc skeleton closely misses you.
You slash the orc skeleton!
You destroy the orc skeleton!
The Shining One accepts your kill.
You hit the gnoll skeleton.
The gnoll skeleton hits you but does no damage.
You hit the gnoll skeleton.
You destroy the gnoll skeleton!
The Shining One accepts your kill.
You hit the orc skeleton.
The orc skeleton hits you but does no damage.
You hit the orc skeleton.
The orc skeleton is almost destroyed.
The orc skeleton hits you but does no damage.
You slash the orc skeleton!
You destroy the orc skeleton!
The Shining One accepts your kill.
A gnoll skeleton comes into view.
A gnoll skeleton is nearby!
A gnoll skeleton comes into view.
Found a gate leading back out of this place.
The gnoll skeleton hits you but does no damage.
You slash the gnoll skeleton!
The gnoll skeleton is heavily damaged.
You slash the gnoll skeleton!
You destroy the gnoll skeleton!
The Shining One accepts your kill.
An orc skeleton comes into view.
You hit the gnoll skeleton.
The gnoll skeleton is moderately damaged.
The gnoll skeleton hits you but does no damage.
You hit the gnoll skeleton but do no damage.
The gnoll skeleton is moderately damaged.
The gnoll skeleton barely misses you.
You hit the gnoll skeleton.
The gnoll skeleton is severely damaged.
The gnoll skeleton hits you but does no damage.
You hit the gnoll skeleton.
The gnoll skeleton is severely damaged.
The gnoll skeleton barely misses you.
You hit the gnoll skeleton.
You destroy the gnoll skeleton!
The Shining One accepts your kill.
The orc skeleton hits you but does no damage.
You slash the orc skeleton!
You destroy the orc skeleton!
The Shining One accepts your kill.
No target in view!
No target in view!
A gnoll skeleton comes into view.
An orc skeleton comes into view.
Found a gate leading back out of this place.
You hit the gnoll skeleton.
The gnoll skeleton is moderately damaged.
The gnoll skeleton barely misses you.
You hit the gnoll skeleton but do no damage.
The gnoll skeleton is moderately damaged.
The gnoll skeleton hits you but does no damage.
You hit the gnoll skeleton.
The gnoll skeleton is severely damaged.
The gnoll skeleton closely misses you.
You hit the gnoll skeleton.
The gnoll skeleton is severely damaged.
You hit the orc skeleton. The gnoll skeleton hits you.
You hit the gnoll skeleton.
The gnoll skeleton is almost destroyed.
You hit the orc skeleton. The orc skeleton hits you.
The gnoll skeleton closely misses you.
You hit the gnoll skeleton.
You destroy the gnoll skeleton!
The Shining One accepts your kill.
You feel better.
You hit the orc skeleton.
You destroy the orc skeleton!
The Shining One accepts your kill.
You feel better.
No target in view!
A kobold skeleton comes into view.
You slash the kobold skeleton!
You destroy the kobold skeleton!
The Shining One accepts your kill.
No target in view!
You open the door.
There is an open door here.
Found five items.
The burial acolyte shouts!
Found three items.
A burial acolyte opens the door.
You slash the burial acolyte!
The burial acolyte is heavily wounded.
The burial acolyte hits you with a +0 dagger.
The burial acolyte barely misses you.
You hit the burial acolyte but do no damage.
The burial acolyte is heavily wounded.
The burial acolyte hits you with a +0 dagger.
You hit the burial acolyte.
The burial acolyte is heavily wounded.
The burial acolyte completely misses you.
You hit the burial acolyte but do no damage.
The burial acolyte is heavily wounded.
The burial acolyte closely misses you.
You barely miss the burial acolyte.
The burial acolyte is heavily wounded.
The burial acolyte barely misses you.
You hit the burial acolyte but do no damage.
The burial acolyte is heavily wounded.
The burial acolyte hits you but does no damage.
You hit the burial acolyte.
The burial acolyte is heavily wounded.
The burial acolyte completely misses you.
You closely miss the burial acolyte.
The burial acolyte is heavily wounded.
The burial acolyte hits you but does no damage. x2
You hit the burial acolyte.
The burial acolyte is almost dead.
The burial acolyte utters a dark prayer and points at you.
Your life force is offered up.
The burial acolyte is healed.
You barely miss the burial acolyte.
The burial acolyte is severely wounded.
The burial acolyte hits you with a +0 dagger.
You closely miss the burial acolyte.
The burial acolyte is severely wounded.
The burial acolyte hits you but does no damage.
You barely miss the burial acolyte.
The burial acolyte is severely wounded.
The burial acolyte hits you with a +0 dagger.
You hit the burial acolyte.
You kill the burial acolyte!
The Shining One accepts your kill.
You feel better.
Training target 3.0 for Dodging reached!
Your Fighting skill increases to level 4!
Your Armour skill increases to level 2!
Your Dodging skill increases to level 3!
You hit the wight.
The wight is moderately damaged.
The wight completely misses you.
You hit the wight.
The wight is moderately damaged.
The wight closely misses you.
You hit the wight.
The wight is heavily damaged.
The wight hits you but does no damage.
You hit the wight but do no damage.
The wight is heavily damaged.
You hit the wight but do no damage.
The wight hits you with a +3 flail of freezing!
* * * LOW HITPOINT WARNING * * *
The wight freezes you.
* * * LOW HITPOINT WARNING * * *
The wight closely misses you.
You are too injured to fight recklessly!
You are confused.
You feel invigorated.
The wight hits you with a +3 flail of freezing!
* * * LOW HITPOINT WARNING * * *
The wight freezes you.
* * * LOW HITPOINT WARNING * * *
The wight hits you with a +1 war axe!
You die...

#########################
#........................
#.∩.....................∩
#.......###########......
#......##... ....##.....
#.....##...#####...##....
#....##...##...##...##...
#....#..z##..?!.##...#...
#....#..@z..?!.!.#...'...
#....#...##.?!?.##...#...
#....##...##...##...##...
#.....##...#####...##....
#......##.........##.....
#.......###########......
#.∩.....................∩
#........................
############'''##########


You could see 2 wights.

Vanquished Creatures
  A burial acolyte (Ossuary)
  2 mummies
  2 dart slugs
  A ribbon worm (D:3)
  An endoplasm (D:4)
  2 giant cockroaches
  A goblin (D:2)
  2 hobgoblins
  A quokka (D:2)
  A ball python (D:3)
  3 bats (D:2)
  A frilled lizard (D:2)
  8 gnoll skeletons (Ossuary)
  2 kobolds
  4 kobold skeletons (Ossuary)
  8 orc skeletons (Ossuary)
  2 rats (D:1)
42 creatures vanquished.

Notes
Turn   | Place    | Note
-------+----------+-------------------------------------------
     0 | D:1      | jagoly the Gargoyle Monk began the quest for the Orb.
     0 | D:1      | Reached XP level 1. HP: 14/14 MP: 1/1
   216 | D:1      | Found Mof Ymeps's General Store.
   254 | D:1      | Reached XP level 2. HP: 19/19 MP: 2/2
   392 | D:3      | Reached skill level 1 in Armour
   414 | D:3      | Reached XP level 3. HP: 21/23 MP: 3/3
   443 | D:4      | Found a staircase to the Ecumenical Temple.
   452 | Temple   | Entered the Ecumenical Temple
   468 | Temple   | Became a worshipper of the Shining One
   468 | Temple   | Reached * piety under the Shining One
   468 | Temple   | Reached ** piety under the Shining One
   511 | D:4      | Found a sand-covered staircase.
   523 | Ossuary  | Entered an ossuary
   523 | Ossuary  | Noticed a wight
   523 | Ossuary  | Noticed a wight
   523 | Ossuary  | Noticed a wight
   594 | Ossuary  | Reached *** piety under the Shining One
   611 | Ossuary  | Reached XP level 4. HP: 28/29 MP: 4/4
   706 | Ossuary  | Reached skill level 4 in Fighting
   710 | Ossuary  | Slain by a wight

Illustrated notes

Levels and vault maps discovered:
D:1:      matt_arrival_spirals, layout_basic, serial_shops, shop
D:2:      layout_loops_ring, serial_park_tiny_pond
D:3:      layout_rooms
D:4:      layout_cave_pods, minmay_temple_entry_junction_2, serial_shops,
          shop_fountains, gup_ossuary_entry_pyramid, hex_tiny, st_stairs_9,
          uniq_ijyb, uniq_sigmund, uniq_eustachio
Temple:   eino_temple_rhombus
Ossuary:  ossuary_due_mausoleum

Skill      XL: |  1  2  3  4 |
---------------+-------------+-----
Axes           | 3 |  3.7
Armour         | 1 2 |  2.0
Fighting       | 4 |  4.0
Dodging        | 3 |  3.0

Action                     |  1- 3 |  4- 6 || total
---------------------------+-------+-------++-------
  Melee: Hand axe          |    78 |    38 ||   116
    Use: Potion            |       |     1 ||     1
 Armour: Robe              |     6 |       ||     6
         Ring mail         |    44 |    22 ||    66
  Dodge: Dodged            |    46 |    15 ||    61
